 Dungeon Crawl Stone Soup version 0.17.2 (webtiles) character file.

9 Charly the Ruffian (level 2, 0/26 HPs)
             Began as a Troll Transmuter on July 14, 2016.
             Slain by a worker ant (3 damage)
             ... on level 4 of the Dungeon.
             The game lasted 00:03:30 (196 turns).

Charly the Ruffian (Troll Transmuter)                Turns: 196, Time: 00:03:32

Health: 0/26       AC:  5    Str: 17    XL:     2   Next: 3%
Magic:  1/2        EV:  9    Int:  9    God:
Gold:   37         SH:  0    Dex: 10    Spells: 2 memorised, 0 levels left

rFire  . . .     SeeInvis .       - Unarmed
rCold  . . .     Clarity  .     b - +0 robe
rNeg   . . .     SustAt   .     (no shield)
rPois  .         Gourm    +     (helmet restricted)
rElec  .         Spirit   .     (no cloak)
rCorr  .         Warding  .     (gloves unavailable)
rMut   .         Stasis   .     (boots unavailable)
MR     .....                    i - amulet of the gourmand
Stlth  +.........               (no ring)
                                (no ring)

@: lethally poisoned (0 -> -7), not resistant to hostile enchantments, very
unstealthy
A: unfitting armour, beak, claws 3, fast metabolism 3, gourmand, regeneration 2,
shaggy fur 1, tough skin 2
a: no special abilities


You were on level 4 of the Dungeon.
You were not hungry.

You visited 1 branch of the dungeon, and saw 4 of its levels.

You collected 37 gold pieces.

Inventory:

Missiles
 a - 11 arrows
Armour
 b - a +0 robe (worn)
Jewellery
 i - an amulet of the gourmand (around neck)
Wands
 e - a wand of polymorph (15)
Scrolls
 g - a scroll of blinking {unknown}
Potions
 j - a potion of might {unknown}
Books
 c - a book of Changes

   Spells                             Type                      Level
   a - Beastly Appendage              Transmutation                1
   b - Sticks to Snakes               Transmutation                2
   c - Spider Form                    Transmutation/Poison         3
   d - Ice Form                       Ice/Transmutation            4
   e - Blade Hands                    Transmutation                5
Comestibles
 d - 2 bread rations


   Skills:
 - Level 0.7 Fighting
 - Level 1.5 Dodging
 + Level 3.6 Unarmed Combat
 - Level 1.2 Spellcasting
 - Level 1.3 Transmutations


You couldn't memorise any spells.
You knew the following spells:

 Your Spells              Type           Power        Failure   Level  Hunger
a - Beastly Appendage     Trmt           #.....       21%         1    ##.....
s - Sticks to Snakes      Trmt           #.........   34%         2    ###....


Dungeon Overview and Level Annotations

Branches:
Dungeon (4/15)
 Temple: D:4-7

Altars:


Innate Abilities, Weirdness & Mutations

You are too large for most types of armour.
You have claws for hands.
Your metabolism is lightning-fast.
You like to eat raw meat.
You heal very quickly.
You are covered in fur (AC +1).
You have very tough skin (AC +2).
You have a beak for a mouth.


Message History

The worker ant bites you.
* * * LOW HITPOINT WARNING * * *
You are lethally poisoned!
The worker ant poisons you!
Your adder closely misses the worker ant.
Drink which item? (? for menu, Esc to quit)
It was a potion of cure mutation.
It has a very clean taste.
* * * LOW HITPOINT WARNING * * *
You feel sick.
The worker ant bites you but does no damage.
Your adder closely misses the worker ant.
Drink which item? (? for menu, Esc to quit)
It was a potion of beneficial mutation.
Your mouth lengthens and hardens into a beak!
You feel fantastic!
* * * LOW HITPOINT WARNING * * *
You feel sick.
Your adder barely misses the worker ant.
The worker ant bites you.
You die...

### .#
#####.#####.#
#.....<.....#
#.........###
#..$......#
#.........#
###S#..####
######a##.#####.
o...!...@........#
######..##.#######
..........
##...###.### #..##
#.# #..# #.# ..#
#.. ## ..


You could see a worker ant and a friendly adder.

Vanquished Creatures
  A giant gecko (D:3)
  2 bats (D:3)
  A hobgoblin (D:2)
  2 giant newts (D:3)
  A kobold (D:3)
  A rat (D:3)
8 creatures vanquished.

Vanquished Creatures (others)
  A kobold (D:3)
1 creature vanquished.

Grand Total: 9 creatures vanquished

Notes
Turn   | Place    | Note
--------------------------------------------------------------
     0 | D:1      | Charly the Troll Transmuter began the quest for the Orb.
     0 | D:1      | Reached XP level 1. HP: 18/18 MP: 1/1
   142 | D:3      | Reached XP level 2. HP: 26/26 MP: 2/2
   146 | D:3      | Learned a level 2 spell: Sticks to Snakes
   196 | D:4      | Gained mutation: You have a beak for a mouth. [potion of beneficial mutation]
   196 | D:4      | Slain by a worker ant

Action                   || total
-------------------------++-------
Melee: Unarmed           ||    28
 Cast: Sticks to Snakes  ||     1
  Use: Potion            ||     2
